 Dungeon Crawl Stone Soup version 0.29-a0-284-gf9362112df (webtiles) character file.

Game seed: 13371763580355885997

48 hellse the Digger (level 3, 0/19 HPs)
             Began as a Gargoyle Earth Elementalist on Mar 28, 2022.
             Slain by Terence
             ... wielding a +0 flail
              (9 damage)
             ... on level 2 of the Dungeon.
             The game lasted 00:02:39 (2073 turns).

hellse the Digger (Gargoyle Earth Elementalist)     Turns: 2073, Time: 00:02:39

Health: 0/19       AC:  7    Str: 11    XL:     3   Next: 72%
Magic:  3/6        EV: 11    Int: 17    God:
Gold:   12         SH:  0    Dex: 10    Spells: 2/6 levels left

rFire   . . .      SeeInvis .   e - +0 hunting sling
rCold   . . .      Faith    .   (no shield)
rNeg    + . .      Spirit   .   b - +0 robe
rPois   ∞          Reflect  .   (no helmet)
rElec   +          Harm     .   d - +1 cloak {rCorr}
rCorr   +          Rampage  .   (no gloves)
Will    .....                   (no boots)
Stlth   ++........              (no amulet)
HPRegen 0.06/turn               (no ring)
MPRegen 0.10/turn               (no ring)

@: no status effects
A: sickness immunity, AC +3, negative energy resistance 1, electricity
resistance, torment resistance 1, petrification resistance
a: no special abilities


You were on level 2 of the Dungeon.
You visited 1 branch of the dungeon, and saw 2 of its levels.

You collected 34 gold pieces.
You spent 22 gold pieces at shops.

Inventory:

Hand Weapons
 e - a +0 hunting sling (weapon)
 h - a +0 rapier
Missiles
 a - 19 stones
Armour
 b - a +0 robe (worn)
 d - a +1 cloak of preservation (worn)
Scrolls
 f - 2 scrolls of identify
 g - a scroll of brand weapon {unknown}
 i - a scroll of enchant armour {unknown}
Potions
 c - a potion of magic


   Skills:
 - Level 1.5 Dodging
 - Level 2.1 Stealth
 - Level 2.0 Spellcasting
 - Level 0.7 Transmutations
 + Level 5.5 Earth Magic


You had 2 spell levels left.
You knew the following spells:

 Your Spells              Type           Power      Damage    Failure   Level
a - Sandblast             Erth           40%        2d10      1%          1
b - Stone Arrow           Conj/Erth      22%        3d8       19%         3

Your spell library contained the following spells:

 Spells                   Type           Power      Damage    Failure   Level
 Passwall                 Tmut/Erth      10%        N/A       9%          2
 Petrify                  Tmut/Erth      12%        N/A       47%         4


Dungeon Overview and Level Annotations

Branches:
Dungeon (2/15)

Altars:

Shops:
D:1 ?

Annotations:
D:2 Terence


Innate Abilities, Weirdness & Mutations

You are immune to sickness and miasma.
Your stone body is resilient. (AC +3)
You are immune to poison.
You resist negative energy. (rN+)
You are resistant to electric shocks. (rElec)
You are resistant to unholy torment.
You are immune to petrification.


Message History

You shoot a sling bullet.
The sling bullet closely misses the frilled lizard.
The sling bullet closely misses Terence.
The sling bullet hits the goblin.
The goblin is severely wounded.
The frilled lizard closely misses you. x2
You shoot a sling bullet.
The sling bullet hits the frilled lizard.
You kill the frilled lizard!
Cast which spell? (? or * to list)
You don't know that spell.
Unknown command.
Cast which spell? (? or * to list)
Aiming: Sandblast (safe; 1% risk of failure)
Press: ? - help, Shift-Dir - straight line, f - Terence
Aim: Terence, wielding a +0 flail, wearing a +0 ring mail and wearing a ring of see invisible (83% to hit)
The blast of sand hits Terence!
Terence is moderately wounded.
a - 21 stones The ball python hisses angrily.
Terence hits you with a +0 flail.
Casting: Sandblast (safe; 1% risk of failure)
Confirm with . or Enter, or press ? or * to list all spells.
Aiming: Sandblast (safe; 1% risk of failure)
Press: ? - help, Shift-Dir - straight line, f/p - Terence
Aim: Terence, wielding a +0 flail, wearing a +0 ring mail and wearing a ring of see invisible (moderately wounded, 83% to hit)
The blast of sand hits Terence.
Terence is heavily wounded.
a - 20 stones Terence hits you with a +0 flail!
Casting: Sandblast (safe; 1% risk of failure)
Confirm with . or Enter, or press ? or * to list all spells.
Aiming: Sandblast (safe; 1% risk of failure)
Press: ? - help, Shift-Dir - straight line, f/p - Terence
Aim: Terence, wielding a +0 flail, wearing a +0 ring mail and wearing a ring of see invisible (heavily wounded, 83% to hit)
The blast of sand hits Terence but does no damage.
Terence is heavily wounded.
a - 19 stones Terence hits you with a +0 flail!
You die...

##.### ... ##
...#############
.....Sg@@......#
......########.#
..... #.# ....
#.# ... #.# ..
#.# . #.# #.#
#.#


You could see Terence, a goblin and a ball python.

Vanquished Creatures
  2 dart slugs (D:1)
  3 bats (D:1)
  4 endoplasms (D:1)
  A giant cockroach (D:1)
  4 hobgoblins (D:1)
  4 jackals (D:1)
  4 kobolds (D:1)
  3 quokkas
  3 ball pythons
  4 frilled lizards
  2 goblins (D:1)
  5 rats (D:1)
  A spectral goblin (D:1)
40 creatures vanquished.

Notes
Turn   | Place    | Note
-------+----------+-------------------------------------------
     0 | D:1      | hellse the Gargoyle Earth Elementalist began the quest for
                  | the Orb.
     0 | D:1      | Reached XP level 1. HP: 10/10 MP: 3/3
   380 | D:1      | Reached skill level 4 in Earth Magic
   386 | D:1      | Reached XP level 2. HP: 15/15 MP: 0/5
  1264 | D:1      | Reached XP level 3. HP: 17/19 MP: 2/6
  1265 | D:1      | Reached skill level 5 in Earth Magic
  1476 | D:1      | Found Emaere's Magic Scroll Boutique.
  1484 | D:1      | Bought a scroll of identify for 22 gold pieces
  1515 | D:1      | Found a faded altar of an unknown god.
  1780 | D:1      | Learned a level 3 spell: Stone Arrow
  1881 | D:2      | Noticed Terence
  2073 | D:2      | Slain by Terence

Illustrated notes

Levels and vault maps discovered:
D:1:      wander_arrival_lonely_grave, layout_loops_ring, serial_shops, shop,
          dreamdust_ecumenical_altar_drowned_temple, hangedman_decor_growths,
          minmay_liquid_box
D:2:      layout_loops_ring, basic_altar, kennysheep_generic_room_3,
          uniq_terence

Skill      XL: |  1  2  3 |
---------------+----------+-----
Earth Magic    | 4 5 |  5.5
Dodging        | |  1.5
Stealth        | |  2.1
Spellcasting   | |  2.0
Transmutations | |  0.7

Action                   || total
-------------------------++-------
Melee: Unarmed           ||    93
       Punch             ||     1
 Fire: Hunting sling     ||    82
 Cast: Sandblast         ||    16
 Stab: Sleeping          ||     1
Armor: Robe              ||    53
Dodge: Dodged            ||    91

Table legend: (Time is in decaauts)
 A = Elapsed time spent in this place.
 B = Non-inter-level travel time spent in this place.
 C = Inter-level travel time spent in this place.
 D = Time resting spent in this place.
 E = Time spent auto-exploring this place.
 F = Levels seen in this place.
 G = Mean time per level.
                   A        B        C        D        E       F      G
               +--------+--------+--------+--------+--------+-----+--------+
         Total |   2123 |   2028 |     95 |    573 |   1095 |   2 | 1061.5 |
       Dungeon |   2123 |   2028 |     95 |    573 |   1095 |   2 | 1061.5 |
               +--------+--------+--------+--------+--------+-----+--------+

Top non-repeatable levels by time:
     D:1: 2004 daAuts
     D:2: 119 daAuts
